 Dungeon Crawl Stone Soup version 0.20.1-1-g8b1a95d (webtiles) character file.

178544 Gargoyl the Severer (level 17, -19/157 HPs)
             Began as a Minotaur Abyssal Knight on Sept 19, 2017.
             Was the Champion of Lugonu.
             Blown up by an orb spider (33 damage)
             ... with an orb of destruction
             ... on level 4 of the Spider Nest.
             The game lasted 01:17:06 (38375 turns).

Gargoyl the Severer (Minotaur Abyssal Knight)      Turns: 38375, Time: 01:17:08

Health: -19/157    AC: 30    Str: 37    XL:     17   Next: 58%
Magic:  18/26      EV: 11    Int:  9    God:    Lugonu [******]
Gold:   1464       SH: 13    Dex: 14    Spells: 16/16 levels left

rFire    . . .     SeeInvis +   L - +8 broad axe of Jel Ceg {vamp, Str+9}
rCold    . . .     Gourm    .   t - +0 shield {reflect}
rNeg     . . .     Faith    .   D - +3 plate armour {rPois}
rPois    +         Spirit   .   G - +2 hat {SInv}
rElec    .         Reflect  +   g - scarf {repulsion}
rCorr    .         Harm     .   v - +2 pair of gloves
MR       ++...                  s - +1 pair of boots
Stlth    ..........             p - amulet of regeneration
Regen    0.8/turn               r - ring of protection from magic
MPRegen  0.2/turn               P - +4 ring of strength

@: lethally poisoned (-19 -> -20), repel missiles
A: retaliatory headbutt, horns 2, talons 1, see invisible, sense surroundings 2,
strong 2
a: Depart the Abyss, Bend Space, Banish, Corrupt, Enter the Abyss, Brand Weapon
With Distortion, Renounce Religion


You were on level 4 of the Spider Nest.
You worshipped Lugonu.
Lugonu was exalted by your worship.
You were not hungry.

You visited 4 branches of the dungeon, and saw 27 of its levels.
You visited the Abyss 1 time.
You also visited: Ice Cave and Volcano.

You collected 3386 gold pieces.
You spent 1922 gold pieces at shops.

Inventory:

Hand Weapons
 a - a +4 broad axe of chopping
 w - a +0 hand axe of flaming
 L - the +8 broad axe of Jel Ceg (weapon) {vamp, Str+9}
   (You found it on level 6 of the Lair of Beasts)

   It inflicts no extra harm, but heals its wielder when it wounds a living foe.
   It affects your strength (+9).
 W - a +4 broad axe
Missiles
 l - 49 tomahawks (quivered)
Armour
 g - a scarf of repulsion (worn)
 s - a +1 pair of boots (worn)
 t - a +0 shield of reflection (worn)
 v - a +2 pair of gloves (worn)
 D - a +3 plate armour of poison resistance (worn)
 G - a +2 hat of see invisible (worn)
Jewellery
 d - an uncursed ring of protection from fire
 p - an amulet of regeneration (around neck)
 r - a ring of protection from magic (left hand)
 x - the ring "Waotutt" {rCorr rElec SInv}
   (You bought it in a shop on level 2 of the Orcish Mines)

   [ring of resist corrosion]

   It insulates you from electricity.
   It lets you see invisible.
 B - an uncursed ring of protection from magic
 P - a +4 ring of strength (right hand)
Wands
 n - a wand of random effects (12/48)
 y - a wand of iceblast (7/15)
 F - a wand of paralysis (3/24)
 N - a wand of flame (26/48)
Scrolls
 h - 18 scrolls of identify
 j - 12 scrolls of remove curse
 k - 11 scrolls of teleportation
 C - 4 scrolls of fear
 I - 3 scrolls of blinking
 J - a scroll of enchant armour
 K - a scroll of fog
 X - a scroll of recharging
Potions
 f - a potion of haste
 i - 4 potions of brilliance
 q - a potion of magic
 u - 7 potions of curing
 E - 2 potions of agility
 H - 3 potions of heal wounds
 M - a potion of resistance {unknown}
 S - a potion of ambrosia
 U - 2 potions of might
Books
 e - a book of Misfortune

   Spells                             Type                      Level
   a - Confusing Touch                Hexes                        1
   b - Confuse                        Hexes                        3
   c - Gell's Gravitas                Translocation                3
   d - Petrify                        Transmutation/Earth          4
   e - Metabolic Englaciation         Hexes/Ice                    5
   f - Yara's Violent Unravelling     Hexes/Transmutation          5
Comestibles
 b - 13 meat rations
 c - 9 bread rations
 m - 10 royal jellies
 z - 7 fruits
 A - 7 chunks of flesh


   Skills:
 + Level 15.7 Fighting
 + Level 19.3 Axes
 + Level 3.3 Throwing
 * Level 18.9 Armour
 + Level 6.6 Dodging
 + Level 8.2 Shields
 * Level 14.5 Invocations
 + Level 0.6 Evocations


You had 16 spell levels left.
You didn't know any spells.

Dungeon Overview and Level Annotations

Branches:
Dungeon (15/15)            Temple (0/1) D:4            Lair (6/6) D:10
 Shoals (0/4) Lair:4       Spider (4/4) Lair:3        Slime (0/5) Lair:6
    Orc (2/2) D:12            Elf (0/3) Orc:2        Vaults (0/5) D:13
 Depths (0/5) D:15

Altars:
Dithmenos
Elyvilon
Fedhas
Gozag
Okawaru
Trog
Vehumet
Xom
Yredelemnul
The Shining One
Beogh

Shops:
D:6 :%}[   D:11 *   D:13 *   Orc:1 ?   Orc:2 [(=!

Annotations:
D:12 exclusion: ice statue


Innate Abilities, Weirdness & Mutations

You reflexively headbutt those who attack you in melee.
You have a pair of horns on your head.
You have sharp toenails.
You have supernaturally acute eyesight. (SInv)
You passively map the area around you.
Your muscles are very strong. (Str +4)


Message History

The wavering orb of destruction hits you!
The orb spider weaves a glowing orb of energy.
The orb spider pulsates with a strange energy.
An orb of destruction comes into view.
Things that are here:
an entropy weaver corpse; a redback corpse
Press: ? - help, Shift-Dir - straight line, f - orb spider
Aim: an orb spider (fully charged, chance to defeat MR: 77%)
The orb spider barely resists.
You feel quite a bit more hungry.
You feel sick.
The orb spider weaves a glowing orb of energy.
An orb of destruction comes into view.
Press: ? - help, Shift-Dir - straight line, f/p - orb spider
Aim: an orb spider (fully charged, chance to defeat MR: 77%)
The orb spider is devoured by a tear in reality.
Lugonu claims a new guest.
You feel somewhat more hungry. The orb of destruction hits you!
* * * LOW HITPOINT WARNING * * *
The orb spider spins a strand of pure energy.
The orb of destruction hits you!
You die...

, ,...........#..#^#^.....
, ,
.............^........... ,
,,,,
...$.............#...†...
...^#...^<..........†.†.^.
,
................^.....#..^
,,,
.......§....#.#...........
,
....#...§§†.s.............
, *
,.#.%..s.§§§§#...........#.
*,
....^.†††@..........^^#.#^
#..#....†....#...#..#####.
* ,....................##
#. *,
......^....^.........# #.
###################### ##


You could see 2 orb spiders.

Vanquished Creatures
  An Ice Fiend (IceCv)
  The ghost of Jannitor the Executioner, an adept MiCK of Xom (Spider:3)
  Gastronok (Lair:3)
  Kirke (Lair:4)
  3 emperor scorpions
  An orc warlord (Orc:1)
  Nessos (D:13)
  5 entropy weavers
  The ghost of JackS81 the Destroyer, a journeyman HuWz of Sif Muna (D:12)
  The ghost of Berahthraban the Nimble, a journeyman HuCj of Sif Muna (Lair:6)
  3 dire elephants (Lair:6)
  A fire dragon (D:15)
  A deep elf high priest (D:11)
  The ghost of veneficus the Protected, a journeyman MiFi of Okawaru (Lair:3)
  A rakshasa (D:13)
  Harold (Lair:3)
  2 ice dragons
  5 centaur warriors
  An anaconda (Lair:6)
  A vault guard (D:13)
  5 hydras
  The ghost of coier the Eclecticist, a journeyman DEFE of Vehumet (D:9)
  A death knight (D:13)
  4 two-headed ogres
  7 death yaks
  An anaconda (shapeshifter) (D:12)
  Nergalle (Lair:3)
  5 skeletal warriors (D:14)
  3 unseen horrors
  A wizard (D:13)
  Pikel (D:9)
  3 phantasmal warriors (D:13)
  A harpy (shapeshifter) (D:14)
  3 orc knights (Orc:2)
  2 wolf spider zombies
  9 orb spiders
  7 ugly things
  22 wolf spiders
  A manticore (shapeshifter) (D:14)
  4 manticores
  6 deep elf magi
  4 orc sorcerers
  A moth of wrath (Spider:3)
  3 cyclopes
  16 elephants
  4 ice statues
  2 black mambas
  16 spiny frogs
  A smoke demon (Volcano)
  A gargoyle (D:13)
  6 rime drakes
  2 yaktaurs (D:13)
  2 kobold demonologists
  8 demonic crawlers
  3 anaconda simulacra (IceCv)
  5 komodo dragons
  2 red devils (Volcano)
  2 tengu conjurers (D:14)
  9 ice devils (IceCv)
  37 jumping spiders
  The ghost of coier the Magician, a novice DEFE (D:4)
  A queen bee (D:13)
  A hornet (shapeshifter) (D:14)
  Grinder (D:5)
  4 hornets
  7 trolls
  3 polar bears
  3 slime creatures (D:12)
  8 hippogriffs
  10 dream sheep (Lair:6)
  38 blink frogs
  2 vampires
  95 redbacks
  3 shadows
  7 wraiths
  24 tarantellas
  6 wyverns
  62 yaks
  A dire elephant simulacrum (IceCv)
  3 basilisks
  22 humans
  A hungry ghost (D:13)
  4 harpy simulacra (IceCv)
  An acid dragon (D:10)
  A warg (Orc:1)
  18 water moccasins
  2 hydra simulacra (IceCv)
  2 hell hounds (Lair:4)
  9 porcupines
  A black bear (shapeshifter) (D:11)
  5 ice beasts
  5 sky beasts
  3 phantoms
  33 orc warriors
  A black bear (D:11)
  A hornet zombie (D:5)
  2 necrophages
  An eye of draining (D:13)
  4 boggarts (D:15)
  10 wolves
  12 centaurs
  11 ogres
  15 crocodiles
  Blork the orc (D:5)
  A big kobold (D:11)
  12 bullfrogs
  A gnoll sergeant (D:4)
  4 wyvern skeletons
  6 scorpions
  16 wights
  31 killer bees
  A howler monkey (D:13)
  3 electric eels
  6 crimson imps
  4 centaur zombies
  2 bullfrog zombies
  7 jellies
  3 bullfrog skeletons
  14 orc priests
  3 centaur skeletons
  3 hounds
  Jessica (D:2)
  A gnoll shaman (D:7)
  29 orc wizards
  Terence (D:3)
  3 iguanas
  A statue (D:7)
  10 worker ants
  2 worker ant zombies
  14 gnolls
  12 adders
  3 shadow imps
  12 oozes
  2 adder skeletons
  7 worms
  13 dart slugs
  9 leopard geckos
  74 orcs
  8 giant cockroaches
  10 hobgoblins
  12 jackals
  16 kobolds
  3 quokkas
  2 ball pythons
  10 bats
  8 frilled lizards
  A giant cockroach zombie (D:6)
  12 goblins
  A leopard gecko skeleton (D:8)
  17 rats
  8 fungi
  2 plants
1111 creatures vanquished.

Vanquished Creatures (others)
  2 emperor scorpions (Spider:4)
  3 dire elephants (Lair:6)
  2 hydras
  9 orb spiders
  3 oklob plants (Lair:6)
  A black mamba (Lair:1)
  An ice devil (IceCv)
  A red devil (Volcano)
  2 blink frogs (Lair:3)
  3 redbacks
  3 humans (Lair:4)
  An orc warrior (Orc:2)
  2 slaves (D:9)
  A scorpion (Lair:4)
  A killer bee (D:9)
  A bullfrog zombie (D:9)
  A shadow imp (D:9)
  A dart slug (D:5)
  A leopard gecko (D:9)
  A quokka zombie (D:9)
  A bush (D:14)
  25 fungi
  25 plants
  5 toadstools (D:3)
96 creatures vanquished.

Grand Total: 1207 creatures vanquished

Notes
Turn   | Place    | Note
-------+----------+-------------------------------------------
     0 | Abyss:1  | Gargoyl the Minotaur Abyssal Knight began the quest for the Orb.
     0 | Abyss:1  | Reached XP level 1. HP: 19/19 MP: 1/1
    44 | Abyss:1  | Noticed a chaos spawn
    74 | Abyss:1  | Noticed a tentacled starspawn
    75 | D:1      | Escaped the Abyss
    77 | D:1      | Found a runed door.
   328 | D:1      | Reached * piety under Lugonu
   328 | D:1      | Reached XP level 2. HP: 23/27 MP: 2/2
   666 | D:1      | Reached XP level 3. HP: 30/33 MP: 3/3
   883 | D:1      | Reached skill level 3 in Axes
  1170 | D:1      | Reached ** piety under Lugonu
  1226 | D:2      | Reached XP level 4. HP: 32/40 MP: 4/4
  1322 | D:2      | Noticed Jessica
  1337 | D:2      | Killed Jessica
  1483 | D:2      | Reached skill level 4 in Axes
  1670 | D:2      | Reached XP level 5. HP: 46/47 MP: 6/6
  1918 | D:2      | Found a bloodstained altar of Trog.
  1918 | D:2      | Found an opulent altar of Gozag.
  1918 | D:2      | Found a blossoming altar of Fedhas.
  2009 | D:3      | Found a basalt altar of Yredelemnul.
  2012 | D:3      | Found a shadowy altar of Dithmenos.
  2012 | D:3      | Found a deep blue altar of Sif Muna.
  2020 | D:3      | Reached *** piety under Lugonu
  2022 | D:3      | Found an iron altar of Okawaru.
  2022 | D:3      | Found a shimmering altar of Xom.
  2022 | D:3      | Found a bloodstained altar of Trog.
  2106 | D:3      | Noticed a phantom
  2153 | D:2      | Killed a phantom
  2331 | D:3      | Reached XP level 6. HP: 51/53 MP: 7/7
  2484 | D:3      | Reached skill level 5 in Axes
  2999 | D:3      | Reached skill level 5 in Armour
  3068 | D:3      | Noticed Terence
  3084 | D:3      | Killed Terence
  3092 | D:3      | Reached XP level 7. HP: 41/60 MP: 8/8
  3699 | D:4      | Noticed coier's ghost (novice DEFE)
  3736 | D:4      | Killed coier's ghost
  3736 | D:4      | Reached skill level 5 in Fighting
  3736 | D:4      | Reached skill level 6 in Axes
  4113 | D:4      | Found a staircase to the Ecumenical Temple.
  4239 | D:4      | Noticed a moth of wrath
  4242 | D:4      | Found a bloodstained altar of Trog.
  4479 | D:4      | Reached **** piety under Lugonu
  4794 | D:5      | Entered Level 5 of the Dungeon
  4805 | D:5      | Noticed Blork the orc
  5339 | D:5      | Killed Blork the orc
  5339 | D:5      | Reached XP level 8. HP: 58/68 MP: 10/10
  5427 | D:5      | Reached skill level 7 in Axes
  6029 | D:5      | Noticed Grinder
  6056 | D:5      | Paralysed by Grinder for 3 turns
  6066 | D:5      | Killed Grinder
  6066 | D:5      | Reached skill level 8 in Axes
  6478 | D:6      | Found Caifayr's Food Shop.
  6520 | D:6      | Reached ***** piety under Lugonu
  7012 | D:6      | Found Iprassat's Book Shop.
  7126 | D:6      | Found Etesur's Gadget Shop.
  7175 | D:6      | Found Uvauhydu's Antique Armour Boutique.
  7190 | D:6      | Bought a runed chain mail for 172 gold pieces
  7330 | D:7      | Reached XP level 9. HP: 74/74 MP: 11/11
  7718 | D:7      | Reached skill level 5 in Invocations
  7722 | D:7      | Reached skill level 9 in Axes
  7826 | D:7      | Found a white marble altar of Elyvilon.
  7974 | D:7      | Found a radiant altar of Vehumet.
  8474 | D:8      | Gained mutation: You expend magic power (3 MP) to strengthen your wands. [mutagenic meat]
  8475 | D:8      | Gained mutation: You are clumsy. (Dex -2) [mutagenic meat]
  8476 | D:8      | Gained mutation: Your system is resistant to poisons. (rPois) [mutagenic meat]
  8477 | D:8      | Gained mutation: You passively map a small area around you. [mutagenic meat]
  8478 | D:8      | Gained mutation: You are resistant to hostile enchantments. (MR+) [mutagenic meat]
  8479 | D:8      | Gained mutation: Your muscles are strong. (Str +2) [mutagenic meat]
  8718 | D:8      | Reached skill level 10 in Axes
  9194 | D:9      | Noticed Pikel
  9212 | D:9      | Killed Pikel
  9212 | D:9      | Reached skill level 10 in Armour
  9338 | D:9      | Reached XP level 10. HP: 83/83 MP: 13/13
  9460 | D:9      | Noticed coier's ghost (journeyman DEFE)
  9486 | D:9      | Killed coier's ghost
  9486 | D:9      | Reached skill level 11 in Axes
 10167 | D:10     | Entered Level 10 of the Dungeon
 10974 | D:10     | Found a staircase to the Lair.
 11037 | Lair:1   | Entered Level 1 of the Lair of Beasts
 11473 | Lair:1   | Noticed a black mamba
 11486 | Lair:1   | Banished a black mamba
 11486 | Lair:1   | Reached skill level 12 in Axes
 11776 | Lair:1   | Noticed a spiny frog
 11788 | Lair:1   | Killed a spiny frog
 12009 | Lair:1   | Reached XP level 11. HP: 22/94 MP: 15/15
 12371 | Lair:1   | Reached skill level 1 in Throwing
 13917 | Lair:2   | Noticed an eight-headed hydra
 13927 | Lair:2   | Killed a two-headed hydra
 14075 | Lair:2   | Noticed a death yak
 14126 | Lair:2   | Killed a death yak
 14738 | Lair:3   | Reached skill level 13 in Axes
 15219 | Lair:3   | Noticed Gastronok
 15233 | Lair:3   | Killed Gastronok
 15233 | Lair:3   | Reached XP level 12. HP: 75/103 MP: 17/17
 15409 | Lair:3   | Found a hole to the Spider Nest.
 15872 | Lair:3   | Noticed Nergalle
 15888 | Lair:3   | Killed Nergalle
 16040 | Lair:3   | Noticed Harold
 16049 | Lair:3   | Reached skill level 14 in Axes
 16055 | Lair:3   | Killed Harold
 16246 | Lair:3   | Noticed veneficus's ghost (journeyman MiFi)
 16263 | Lair:3   | Killed veneficus's ghost
 16864 | Lair:4   | Noticed a six-headed hydra
 16874 | Lair:4   | Killed a one-headed hydra
 17028 | Lair:4   | Found a dark tunnel.
 17042 | Volcano  | Entered a volcano
 17088 | Volcano  | Gained mutation: Your spells are a little easier to cast, but a little less powerful. [mutagenic meat]
 17089 | Volcano  | Gained mutation: You have large cloven feet. [mutagenic meat]
 17178 | Volcano  | Gained mutation: You tend to lose your temper in combat. [mutagenic meat]
 17736 | Lair:4   | Found a staircase to the Shoals.
 17752 | Lair:4   | Reached skill level 10 in Fighting
 17872 | Lair:4   | Noticed Kirke
 17885 | Lair:4   | Killed Kirke
 17885 | Lair:4   | Reached skill level 15 in Axes
 17885 | Lair:4   | Reached skill level 1 in Shields
 17885 | Lair:4   | Reached XP level 13. HP: 49/113 MP: 19/19
 18982 | Lair:5   | Reached skill level 10 in Invocations
 20272 | Lair:5   | Reached skill level 15 in Armour
 21065 | Lair:6   | Entered Level 6 of the Lair of Beasts
 21510 | Lair:6   | Found a staircase to the Slime Pits.
 21594 | Lair:6   | Noticed Berahthraban's ghost (journeyman HuCj)
 21617 | Lair:6   | Killed Berahthraban's ghost
 21919 | Lair:6   | Reached skill level 16 in Axes
 22262 | Lair:6   | Reached XP level 14. HP: 52/124 MP: 21/21
 23206 | Lair:6   | HP: 5/124 [dire elephant (27)]
 24924 | Lair:6   | Got a brightly glowing broad axe
 24928 | Lair:6   | Identified the +8 broad axe of Jel Ceg {vamp, Str+9} (You found it on level 6 of the Lair of Beasts)
 25337 | Lair:6   | Reached skill level 5 in Dodging
 26151 | D:11     | Found Ofooqen's General Store.
 26154 | D:11     | Bought a potion of curing for 51 gold pieces
 26154 | D:11     | Bought a scroll of blinking for 127 gold pieces
 26258 | D:11     | Reached skill level 17 in Axes
 26263 | D:11     | Reached ****** piety under Lugonu
 26916 | D:11     | Reached XP level 15. HP: 96/132 MP: 23/23
 26920 | D:11     | Got a glittering crystal amulet
 27540 | D:12     | Found a staircase to the Orcish Mines.
 27633 | D:12     | Noticed JackS81's ghost (journeyman HuWz)
 27643 | D:12     | Killed JackS81's ghost
 28132 | D:12     | Gained mutation: You have a pair of large horns on your head. [mutagenic meat]
 28536 | D:13     | Noticed Nessos
 28550 | D:13     | Killed Nessos
 28624 | D:13     | Identified the amulet of Zod Pirr {Faith Dex+5} (You took it off an orc warrior on level 11 of the Dungeon)
 28938 | D:13     | Found Bamoprox's General Store.
 29621 | D:13     | Bought a potion of curing for 36 gold pieces
 29621 | D:13     | Bought a scroll of enchant armour for 90 gold pieces
 30150 | D:13     | Found a gate to the Vaults.
 30461 | D:14     | Reached skill level 18 in Axes
 30506 | D:14     | Found a glowing golden altar of the Shining One.
 31324 | D:14     | Gained mutation: You evolve. [mutagenic meat]
 31325 | D:14     | Lost mutation: You have large cloven feet. [mutagenic meat]
 31489 | D:15     | Entered Level 15 of the Dungeon
 31734 | D:15     | Found a staircase to the Depths.
 31742 | D:15     | Reached skill level 5 in Shields
 31953 | D:15     | Gained mutation: You have sharp toenails. [mutagenic meat]
 32191 | D:15     | Reached XP level 16. HP: 144/144 MP: 24/24
 32289 | D:15     | Found a blossoming altar of Fedhas.
 32376 | D:15     | Gained mutation: Your muscles are very strong. (Str +4) [evolution]
 32461 | Orc:1    | Entered Level 1 of the Orcish Mines
 32510 | Orc:1    | Found Aleunaj's Magic Scroll Shoppe.
 32580 | Orc:1    | Bought a scroll of teleportation for 48 gold pieces
 32580 | Orc:1    | Bought a scroll of teleportation for 48 gold pieces
 32956 | Orc:2    | Entered Level 2 of the Orcish Mines
 33014 | Orc:2    | Found a staircase to the Elven Halls.
 33589 | Orc:2    | Found Nefadea's Weapon Shoppe.
 33589 | Orc:2    | Found Ymeidum's Jewellery Boutique.
 33591 | Orc:2    | Found Uvvoawk's Distillery.
 33593 | Orc:2    | Found Ziaxegeu's Antique Armour Emporium.
 33598 | Orc:2    | Bought an uncursed amulet of regeneration for 390 gold pieces
 33603 | Orc:2    | Bought a potion of heal wounds for 80 gold pieces
 33603 | Orc:2    | Bought a potion of heal wounds for 80 gold pieces
 33603 | Orc:2    | Bought a potion of heal wounds for 80 gold pieces
 33603 | Orc:2    | Bought a potion of curing for 48 gold pieces
 33603 | Orc:2    | Bought a potion of curing for 48 gold pieces
 33603 | Orc:2    | Bought a potion of cancellation for 128 gold pieces
 33611 | Orc:2    | Bought the ring "Waotutt" {rCorr rElec SInv} for 496 gold pieces
 33788 | Orc:2    | Found a roughly hewn altar of Beogh.
 34112 | Spider:1 | Entered Level 1 of the Spider Nest
 34466 | Spider:1 | Lost mutation: You are clumsy. (Dex -2) [potion of mutation]
 34466 | Spider:1 | Lost mutation: You have a pair of large horns on your head. [potion of mutation]
 34466 | Spider:1 | Gained mutation: You passively map the area around you. [potion of mutation]
 35998 | Spider:3 | Lost mutation: You expend magic power (3 MP) to strengthen your wands. [potion of mutation]
 35998 | Spider:3 | Lost mutation: You tend to lose your temper in combat. [potion of mutation]
 35998 | Spider:3 | Lost mutation: Your spells are a little easier to cast, but a little less powerful. [potion of mutation]
 35998 | Spider:3 | Lost mutation: Your system is resistant to poisons. (rPois) [potion of mutation]
 35998 | Spider:3 | Lost mutation: You evolve. [potion of mutation]
 35998 | Spider:3 | Lost mutation: You are resistant to hostile enchantments. (MR+) [potion of mutation]
 35998 | Spider:3 | Gained mutation: You have supernaturally acute eyesight. (SInv) [potion of mutation]
 36016 | Spider:3 | Noticed Jannitor's ghost (adept MiCK)
 36047 | Spider:3 | Killed Jannitor's ghost
 36047 | Spider:3 | Reached skill level 19 in Axes
 36179 | Spider:3 | Identified a scroll of acquirement
 36286 | Spider:3 | Reached XP level 17. HP: 154/154 MP: 26/26
 36290 | Spider:3 | Reached skill level 15 in Fighting
 36723 | Spider:4 | Entered Level 4 of the Spider Nest
 36948 | Spider:4 | Found a frozen archway.
 37028 | IceCv    | Entered an ice cave
 37642 | IceCv    | Noticed an Ice Fiend
 37656 | IceCv    | Killed an Ice Fiend
 37846 | IceCv    | Got a scorched chain mail
 37861 | IceCv    | Identified the cursed +0 chain mail of Protective Custody {rC+ Regen+ Str+2} (You found it in an ice cave)
 38375 | Spider:4 | Blown up by an orb spider

Skill      XL: |  1  2  3  4  5  6  7  8  9 10 11 12 13 14 15 16 17 |
---------------+----------------------------------------------------+-----
Invocations    | 2 3 4 5 7 8 9 10 12 13 14 | 14.5
Fighting       | 4 5 6 8 10 11 12 13 14 15 | 15.7
Axes           | 3 4 5 6 8 10 12 13 15 16 17 18 19 | 19.3
Armour         | 3 4 5 6 8 10 11 13 14 15 16 17 18 | 18.9
Dodging        | 2 3 4 5 6 |  6.6
Throwing       | 2 3 |  3.3
Shields        | 1 2 3 5 6 8 |  8.2
Evocations     | |  0.6

Action                   |  1- 3 |  4- 6 |  7- 9 | 10-12 | 13-15 | 16-18 || total
-------------------------+-------+-------+-------+-------+-------+-------++-------
Melee: Hand axe          |    98 |   170 |    62 |    16 |    24 |       ||   370
       Headbutt          |    15 |    29 |    62 |    97 |   300 |   191 ||   694
       Broad axe         |       |       |   317 |   347 |  1145 |   677 ||  2486
       Battleaxe         |       |       |       |   135 |       |       ||   135
Throw: Tomahawk          |       |       |     3 |    35 |    11 |     5 ||    54
Invok: Depart the Abyss  |     1 |       |       |       |       |       ||     1
       Banish            |       |       |       |     8 |    13 |    17 ||    38
       Bend Space        |       |       |       |       |     1 |       ||     1
 Abil: Evoke Berserk Rag |       |       |       |     1 |       |       ||     1
  Use: Scroll            |     5 |       |    10 |     5 |    15 |     9 ||    44
       Potion            |       |       |     8 |    11 |     5 |     7 ||    31
 Stab: Invisible         |       |       |       |     2 |       |       ||     2
       Distracted        |       |       |       |       |     1 |       ||     1
  Eat: Chunk             |     1 |     6 |    21 |    14 |    61 |    18 ||   121
       Bread ration      |       |       |     1 |     5 |       |     1 ||     7
       Royal jelly       |       |       |       |       |     2 |       ||     2
       Fruit             |       |       |       |       |     1 |       ||     1
       Meat ration       |       |       |       |       |       |     1 ||     1
Armor: Leather armour    |    11 |       |       |       |       |       ||    11
       Ring mail         |    38 |    11 |       |       |       |       ||    49
       Scale mail        |       |    82 |    24 |       |       |       ||   106
       Chain mail        |       |       |   231 |   350 |   692 |   527 ||  1800
       Skin              |       |       |       |       |     6 |       ||     6
       Plate armour      |       |       |       |       |       |   150 ||   150
Dodge: Dodged            |    59 |    97 |   206 |   263 |   589 |   548 ||  1762
       Deflected         |       |       |       |     2 |    26 |    34 ||    62
Block: Buckler           |       |       |       |    44 |   224 |   164 ||   432
       Shield            |       |       |       |       |       |   268 ||   268
       Reflection        |       |       |       |       |       |     2 ||     2
